 Dungeon Crawl Stone Soup version 0.29-a0-330-g52719c12eb (webtiles) character file.

Game seed: 4365733007476334615

201 Crownlay the Digger (level 5, -5/34 HPs)
             Began as an Octopode Earth Elementalist on May 9, 2022.
             Killed from afar by an orc wizard (6 damage)
             ... with a magic dart
             ... on level 3 of the Dungeon.
             The game lasted 00:04:59 (2842 turns).

Crownlay the Digger (Octopode Earth Elementalist)   Turns: 2842, Time: 00:04:59

Health: -5/34      AC:  3    Str:  7    XL:     5   Next: 79%
Magic:  4/9        EV: 13    Int: 26    God:
Gold:   167        SH:  0    Dex: 12    Spells: 1/9 levels left

rFire   . . .      SeeInvis .   e - +1 falchion (vorpal)
rCold   . . .      Faith    .   (no shield)
rNeg    . . .      Spirit   .   (helmet restricted)
rPois   .          Reflect  .   (no amulet)
rElec   .          Harm     .   m - +6 ring of intelligence
rCorr   .          Rampage  .   (no ring)
Will    .....                   (no ring)
Stlth   +++.......              (no ring)
HPRegen 0.11/turn               (no ring)
MPRegen 0.11/turn               (no ring)
                                (no ring)
                                (no ring)

@: mighty, brilliant, attractive
A: almost no armour, amphibious, 8 rings, camouflage 1, gelatinous body 1,
(nimble swimmer 1), tentacles, tentacle spike 1, iridescent scales 1
a: no special abilities


You were on level 3 of the Dungeon.
You visited 1 branch of the dungeon, and saw 3 of its levels.

You collected 167 gold pieces.

Inventory:

Hand Weapons
 e - a +1 vorpal falchion (weapon)
Missiles
 a - 151 stones
Jewellery
 m - a +6 ring of intelligence (left tentacle)
Wands
 p - a wand of iceblast (10)
Scrolls
 d - 2 scrolls of blinking {unknown}
 f - a scroll of vulnerability {unknown}
 i - a scroll of immolation {unknown}
 j - 2 scrolls of identify {unknown}
 l - 3 scrolls of enchant weapon
 r - 2 scrolls of teleportation {unknown}
Potions
 b - 2 potions of magic
 c - a potion of might
 g - a potion of attraction
 k - a potion of degeneration {unknown}
 n - a potion of mutation
 o - a potion of haste {unknown}
 q - a potion of ambrosia {unknown}


   Skills:
 + Level 2.1 Fighting
 - Level 2.0 Dodging
 - Level 2.6 Stealth
 + Level 2.9 Spellcasting
 + Level 2.1 Conjurations
 - Level 1.0 Transmutations
 * Level 4.5 Earth Magic


You had one spell level left.
You knew the following spells:

 Your Spells              Type           Power      Damage    Failure   Level
a - Sandblast             Erth           82%        2d17      1%          1
b - Stone Arrow           Conj/Erth      64%        3d11      7%          3
c - Petrify               Tmut/Erth      27%        N/A       30%         4

Your spell library contained the following spells:

 Spells                   Type           Power      Damage    Failure   Level
 Shock                    Conj/Air       56%        1d6       6%          1
 Animate Skeleton         Necr           10%        N/A       10%         1
 Pain                     Necr           20%        1d5       10%         1
 Passwall                 Tmut/Erth      22%        N/A       4%          2
 Swiftness                Air            5%         N/A       28%         3
 Vampiric Draining        Necr           5%         2d6       28%         3
 Airstrike                Air            2%         N/A       67%         4


Dungeon Overview and Level Annotations

Branches:
Dungeon (3/15)

Altars:
Ashenzari
Qazlal

Shops:
D:3 =


Innate Abilities, Weirdness & Mutations

You cannot wear most types of armour.
You are amphibious.
You can wear up to eight rings at the same time.
Your skin changes colour to match your surroundings (Stealth+).
Your rubbery body absorbs attacks. (AC +1, EV +1)
((You are camouflaged when in or above water. (Stealth+)))
You have tentacles for arms and can constrict up to eight enemies at once.
One of your tentacles bears a spike.
You are partially covered in iridescent scales. (AC +2)


Message History

You completely miss something. Your squeeze misses something.
You hear some strange, mumbled words.
Something tries to affect you, but you resist.
You hear some strange, mumbled words.
A puff of flame appears from out of thin air!
The puff of flame hits you. Something hits you.
You miss something. Something hits you. Something hits you. Something hits you.
You're too confused to move!
Something barely misses you.
You bump into the rock wall.
Something hits you.
* * * LOW HITPOINT WARNING * * *
It was a potion of mutation.
You feel extremely strange.
One of your lower tentacles grows a sharp spike.
You feel clumsy.
You feel agile.
Iridescent scales grow over part of your body.
You feel less confused. Something hits you.
* * * LOW HITPOINT WARNING * * *
It was a potion of attraction.
You feel attractive to monsters. Something hits you but does no damage.
It was a potion of might.
You feel very mighty all of a sudden. Something hits you but does no damage.
Okay, then.
You barely miss something. You squeeze something. Something hits you.
* * * LOW HITPOINT WARNING * * *
You barely miss something.
Your tentacle spike misses something.
Something hits you but does no damage. x2
You barely miss something.
Your tentacle spike misses something.
Something hits you.
* * * LOW HITPOINT WARNING * * *
It was a potion of brilliance.
You feel clever all of a sudden.
You hear some strange, mumbled words.
A magic dart appears from out of thin air!
The magic dart hits you.
You die...

.. ..#.##..##.#........
#.####...##.......##.....
#..#..>......÷#....##....
#............####.##.... #
#........(...## #..#.#.#
#..###.............####.#.#<#
....)..).............##.#.#.#
......)....{.........##...#.#
.....†.#?..#@..#.....###..#.#
.......#.#######.....# #.....
##..##.#.# #.....# ##.... ##
#.#.# #.....# #...#. #.#.#
#.....###...#. #.#.#
#............. ..#.#
#.....#..##... ...
######..##.... ...
###.###....


There were no monsters in sight!

Vanquished Creatures
  A necrophage (D:3)
  An orc wizard (D:3)
  4 adders
  A worm (D:2)
  3 dart slugs
  5 orcs (D:3)
  A ball python (D:2)
  4 bats
  4 endoplasms
  5 giant cockroaches
  8 goblins
  8 hobgoblins
  3 jackals (D:3)
  4 quokkas
  3 frilled lizards
  2 kobolds
  7 rats
64 creatures vanquished.

Vanquished Creatures (others)
  A fungus (D:1)
  A plant (D:1)
2 creatures vanquished.

Grand Total: 66 creatures vanquished

Notes
Turn   | Place    | Note
-------+----------+-------------------------------------------
     0 | D:1      | Crownlay the Octopode Earth Elementalist began the quest
                  | for the Orb.
     0 | D:1      | Reached XP level 1. HP: 11/11 MP: 3/3
    32 | D:1      | You fall into a shaft and drop 1 floor!
    34 | D:2      | Found a broken altar of Ashenzari.
   290 | D:1      | Reached XP level 2. HP: 11/18 MP: 5/5
   475 | D:1      | Found a faded altar of an unknown god.
  1217 | D:2      | Found a stormy altar of Qazlal.
  1234 | D:2      | Reached XP level 3. HP: 22/22 MP: 6/6
  1238 | D:2      | Reached skill level 1 in Fighting
  1238 | D:2      | Reached skill level 1 in Conjurations
  1358 | D:2      | Learned a level 3 spell: Stone Arrow
  1713 | D:2      | Reached XP level 4. HP: 28/28 MP: 7/7
  2074 | D:3      | Noticed a necrophage
  2080 | D:3      | Killed a necrophage
  2081 | D:3      | Reached skill level 4 in Earth Magic
  2081 | D:3      | Reached XP level 5. HP: 34/34 MP: 3/9
  2440 | D:3      | Learned a level 4 spell: Petrify
  2740 | D:3      | Found Abrooma's Jewellery Shop.
  2836 | D:3      | Gained mutation: One of your tentacles bears a spike.
                  | [potion of mutation]
  2836 | D:3      | Gained mutation: You are clumsy. (Dex -2) [potion of
                  | mutation]
  2836 | D:3      | Lost mutation: You are clumsy. (Dex -2) [potion of
                  | mutation]
  2836 | D:3      | Gained mutation: You are partially covered in iridescent
                  | scales. (AC +2) [potion of mutation]
  2841 | D:3      | HP: 1/34 [something (3)]
  2842 | D:3      | Killed from afar by an orc wizard

Illustrated notes

Levels and vault maps discovered:
D:1:      ncdulo_wetmaze, layout_loops_ring,
          shapermc_ecumenical_altar_mp_urbaneastern
D:2:      layout_loops_ring, basic_altar, minmay_hexomino_r4
D:3:      layout_rooms, serial_shops, nicolae_square_shop,
          kennysheep_generic_room_3

Skill      XL: |  1  2  3  4  5 |
---------------+----------------+-----
Fighting       | 1 2 |  2.1
Conjurations   | 1 2 |  2.1
Earth Magic    | 4 |  4.5
Dodging        | |  2.0
Stealth        | |  2.6
Spellcasting   | |  2.9
Transmutations | |  1.0

Action                   |  1- 3 |  4- 6 || total
-------------------------+-------+-------++-------
Melee: Falchion          |    65 |    51 ||   116
       Constrict         |    16 |     9 ||    25
       Tentacles         |     8 |     8 ||    16
 Cast: Sandblast         |       |    17 ||    17
  Use: Potion            |       |     4 ||     4
       Scroll            |       |     1 ||     1
 Stab: Sleeping          |    14 |     2 ||    16
Armor: Skin              |     6 |    11 ||    17
Dodge: Dodged            |    41 |    41 ||    82

Table legend: (Time is in decaauts)
 A = Elapsed time spent in this place.
 B = Non-inter-level travel time spent in this place.
 C = Inter-level travel time spent in this place.
 D = Time resting spent in this place.
 E = Time spent auto-exploring this place.
 F = Levels seen in this place.
 G = Mean time per level.
                   A        B        C        D        E       F      G
               +--------+--------+--------+--------+--------+-----+--------+
         Total |   2876 |   2828 |     48 |      0 |   2348 |   3 |  958.7 |
       Dungeon |   2876 |   2828 |     48 |      0 |   2348 |   3 |  958.7 |
               +--------+--------+--------+--------+--------+-----+--------+

Top non-repeatable levels by time:
     D:2: 1108 daAuts
     D:1: 962 daAuts
     D:3: 806 daAuts
